 Dungeon Crawl Stone Soup version 0.29.1 (webtiles) character file.

Game seed: 11025609040279908159

3010 Icepheonix32 the Protected (level 9, -5/79 (81) HPs)
             Began as a Minotaur Fighter on Sept 13, 2022.
             Was a Believer of Okawaru.
             Killed from afar by an acid dragon (25 damage)
             ... with a splash of acid
             ... on level 8 of the Dungeon.
             The game lasted 00:07:53 (7848 turns).

Icepheonix32 the Protected (Minotaur Fighter)       Turns: 7848, Time: 00:07:53

HP:   -5/79 (81)    AC:  8    Str: 26    XL:     9   Next: 55%
MP:   11/11         EV: 10    Int:  5    God:    Okawaru [**....]
Gold: 405           SH:  6    Dex: 15    Spells: 8/8 levels left

rFire   . . .      SeeInvis .   O - +3 long sword (freeze)
rCold   . . .      Faith    .   c - +0 buckler
rNeg    . . .      Spirit   .   E - +0 chain mail
rPois   +          Reflect  .   x - +2 hat
rElec   .          Harm     .   (no cloak)
rCorr   .          Rampage  .   (no gloves)
Will    .....                   (no boots)
Stlth   ..........              (no amulet)
HPRegen 0.23/turn               s - ring of poison resistance
MPRegen 0.12/turn               L - +6 ring of dexterity

@: mighty, corroded, lightly drained
A: horns 2, retaliatory headbutt
a: Renounce Religion, Heroism


You were on level 8 of the Dungeon.
You worshipped Okawaru.
Okawaru was pleased with you.
You visited 1 branch of the dungeon, and saw 8 of its levels.

You collected 405 gold pieces.

Inventory:

Hand Weapons
 a - a +0 war axe
 A - a +5 dagger of draining
 M - a +5 spectral quarterstaff
 N - a +4 sling
 O - a +3 long sword of freezing (weapon)
Missiles
 k - 4 boomerangs (quivered)
Armour
 b - a +0 scale mail
 c - a +0 buckler (worn)
 x - a +2 hat (worn)
 E - a +0 chain mail (worn)
Jewellery
 s - a ring of poison resistance (left hand)
 F - a ring of flight
 G - a ring of magical power
 H - a ring of ice
 L - a +6 ring of dexterity (right hand)
Wands
 I - a wand of digging (1)
 J - a wand of paralysis (10)
Scrolls
 f - 4 scrolls of teleportation
 g - 5 scrolls of enchant armour {unknown}
 h - 2 scrolls of amnesia {unknown}
 m - a scroll of poison {unknown}
 q - a scroll of blinking {unknown}
 r - 2 scrolls of enchant weapon {unknown}
 t - a scroll of brand weapon {unknown}
 u - 8 scrolls of identify {unknown}
 w - 2 scrolls of fear {unknown}
 y - 6 scrolls of magic mapping {unknown}
 B - 2 scrolls of immolation {unknown}
 C - 2 scrolls of torment {unknown}
 D - 2 scrolls of noise {unknown}
 K - 2 scrolls of butterflies {unknown}
Potions
 d - a potion of might
 e - 3 potions of attraction {unknown}
 i - a potion of haste {unknown}
 j - a potion of berserk rage {unknown}
 l - a potion of resistance {unknown}
 n - 3 potions of degeneration {unknown}
 o - 2 potions of flight {unknown}
 p - 2 potions of heal wounds {unknown}
 v - 5 potions of curing {unknown}
 z - a potion of mutation {unknown}


   Skills:
 * Level 7.9 Fighting
 + Level 5.8(6.2) Short Blades
 * Level 3.5(5.4) Long Blades
 - Level 4.2 Axes
 + Level 0.2 Ranged Weapons
 + Level 8.2 Armour
 + Level 4.2 Dodging
 + Level 0.3 Stealth
 + Level 6.1 Shields
 * Level 4.3 Invocations


You had 8 spell levels left.
You didn't know any spells.
Your spell library contained the following spells:

 Spells                   Type           Power      Damage    Failure   Level
 Beastly Appendage        Tmut           0%         N/A       98%         1
 Ensorcelled Hibernation  Hex/Ice        0%         N/A       99%         2
 Passwall                 Tmut/Erth      0%         N/A       99%         2
 Sublimation of Blood     Necr           0%         N/A       99%         2
 Wereblood                Tmut           0%         N/A       99%         2
 Spider Form              Tmut/Pois      0%         N/A       100%        3
 Swiftness                Air            0%         N/A       100%        3
 Petrify                  Tmut/Erth      0%         N/A       100%        4
 Irradiate                Conj/Tmut      0%         3d11      100%        5


Dungeon Overview and Level Annotations

Branches:
Dungeon (8/15)             Temple (0/1) D:6
   Lair: D:8-11

Altars:
Hepliaklqana
Okawaru
Uskayaw
Zin

Shops:
D:7 (


Innate Abilities, Weirdness & Mutations

You have a pair of horns on your head.
You reflexively headbutt those who attack you in melee.


Message History

You headbutt the wight, but do no damage.
The wight is lightly damaged.
Unknown command.
You closely miss the wight. You headbutt the wight!
The wight is severely damaged.
The wight closely misses you.
Unknown command.
Unknown command.
You barely miss the wight. You headbutt the wight.
You destroy the wight!
Okawaru accepts your kill.
No target in view!
Things that are here:
a +3 flail; a +0 robe You now have 405 gold pieces (gained 4).
Things that are here:
a +3 long sword of freezing; a +0 robe
O - a +3 long sword of freezing Your +3 long sword of freezing glows with a cold blue light!
O - a +3 long sword of freezing (weapon)
Things that are here:
a +3 flail; a +0 robe You see here a +1 vampiric short sword.
An acid dragon is nearby!
The acid dragon roars!
You hit the acid dragon. You freeze the acid dragon.
You headbutt the acid dragon, but do no damage.
The acid dragon is lightly wounded.
The acid dragon closely misses you. The acid dragon barely misses you.
You hit the acid dragon but do no damage.
The acid dragon is lightly wounded.
The acid dragon spits acid at you. The splash of acid hits you!!
* * * LOW HITPOINT WARNING * * *
The acid corrodes you! You block the acid dragon's attack.
The acid dragon claws you but does no damage.
You feel very mighty all of a sudden. The acid dragon spits acid at you.
The splash of acid hits you!!
You die...

#.......# .
#.........#####...###
.
.....................
#.....................
..................
.................. .#
.................? ..#
................# ..
#.D@.[))....# #.
###.........# ##
##..).....#
#........##
##.........#
#..........#
#...........
#.......##.. ##.....##
#.


You could see an acid dragon (catching breath).

Vanquished Creatures
  Joseph (D:8)
  A yak (D:7)
  A wyvern (D:7)
  A steam dragon (D:8)
  Duvessa (D:7)
  2 black bears
  2 ice beasts
  An orc warrior (D:8)
  A sky beast (D:7)
  3 ogres
  A phantom (D:5)
  2 centaurs
  2 scorpions
  A necrophage (D:5)
  3 wights (D:8)
  3 jellies
  Dowan (D:7)
  A howler monkey (D:5)
  8 hounds
  A gnoll bouda (D:8)
  2 orc priests
  2 iguanas
  An orc wizard (D:7)
  A mummy (D:5)
  5 gnolls
  4 adders
  2 white imps
  2 worms
  10 orcs
  3 endoplasms
  4 giant cockroaches
  4 goblins
  5 hobgoblins
  3 jackals (D:1)
  9 kobolds
  5 quokkas
  6 ball pythons
  3 bats
  6 frilled lizards (D:1)
  2 hobgoblin zombies (D:5)
  A kobold zombie (D:5)
  An orc zombie (D:5)
  22 rats
140 creatures vanquished.

Notes
Turn   | Place    | Note
-------+----------+-------------------------------------------
     0 | D:1      | Icepheonix32 the Minotaur Fighter began the quest for the
                  | Orb.
     0 | D:1      | Reached XP level 1. HP: 19/19 MP: 0/0
   202 | D:1      | Reached XP level 2. HP: 27/27 MP: 1/1
   255 | D:1      | You fall into a shaft and drop 1 floor!
   948 | D:2      | Found a glowing silver altar of Zin.
   982 | D:2      | Reached XP level 3. HP: 32/34 MP: 2/2
  1313 | D:3      | Reached skill level 4 in Armour
  1500 | D:3      | Found a faded altar of an unknown god.
  1608 | D:3      | Reached XP level 4. HP: 9/41 MP: 3/3
  1982 | D:3      | Reached skill level 1 in Dodging
  2129 | D:4      | Noticed a scorpion
  2133 | D:4      | Killed a scorpion
  2134 | D:4      | Reached XP level 5. HP: 47/47 MP: 4/4
  2155 | D:4      | Reached skill level 5 in Fighting
  2199 | D:4      | Reached skill level 5 in Armour
  2524 | D:4      | Noticed a black bear
  2534 | D:4      | Killed a black bear
  2535 | D:4      | Reached XP level 6. HP: 38/57 MP: 5/5
  2748 | D:4      | Reached skill level 1 in Short Blades
  2890 | D:5      | Entered Level 5 of the Dungeon
  2963 | D:5      | Noticed an ice beast
  2979 | D:5      | Killed an ice beast
  2980 | D:5      | Reached skill level 6 in Armour
  2980 | D:5      | Reached XP level 7. HP: 37/64 MP: 6/6
  3649 | D:5      | Found a hazy altar of Hepliaklqana.
  3652 | D:5      | Found an iron altar of Okawaru.
  3734 | D:5      | Became a worshipper of Warmaster Okawaru
  3935 | D:5      | Reached skill level 1 in Invocations
  3935 | D:5      | Reached XP level 8. HP: 69/71 MP: 6/8
  4229 | D:6      | Reached skill level 5 in Shields
  4233 | D:6      | Reached skill level 7 in Armour
  4247 | D:6      | Reached * piety under Okawaru
  4896 | D:6      | Found a staircase to the Ecumenical Temple.
  5132 | D:7      | Found Leam Kaumo's Weapon Boutique.
  5387 | D:7      | Reached skill level 5 in Short Blades
  5414 | D:7      | Noticed Dowan
  5415 | D:7      | Noticed Duvessa
  5439 | D:7      | Reached skill level 1 in Long Blades
  5443 | D:7      | Killed Dowan
  5448 | D:7      | Killed Duvessa
  5451 | D:7      | HP: 2/73 [wyvern (4)]
  5453 | D:7      | Reached XP level 9. HP: 2/79 MP: 8/10
  5893 | D:7      | Found a hide-covered altar of Uskayaw.
  6396 | D:8      | Reached ** piety under Okawaru
  6833 | D:8      | Noticed Joseph
  6848 | D:8      | Killed Joseph
  6849 | D:8      | Reached skill level 8 in Armour
  7848 | D:8      | Killed from afar by an acid dragon

Illustrated notes

Levels and vault maps discovered:
D:1:      lemuel_arrival_behind_the_door_large, layout_basic,
          minmay_misc_feat_alley
D:2:      layout_basic, basic_altar, minmay_misc_feat_nine_boxes
D:3:      layout_basic, dreamdust_ecumenical_altar_statues
D:4:      layout_cave_pools, minmay_rat_hole
D:5:      layout_basic, mainiacjoe_overflow_catwalk_spiral, minmay_hedge_maze,
          minmay_mini_ossuary
D:6:      layout_basic, minmay_temple_entry_enclosed_plants
D:7:      layout_loops_ring, lemuel_doored_altar, serial_shops, shop,
          uniq_duvessa
D:8:      layout_layer_cave, lair_entry_dummy, chequers_serial_rivers_large_a,
          uniq_joseph

Skill      XL: |  1  2  3  4  5  6  7  8  9 |
---------------+----------------------------+-----
Fighting       | 4 5 6 7 |  7.9
Shields        | 4 5 6 |  6.1
Axes           | 3 4 |  4.2
Armour         | 4 5 6 7 8 |  8.2
Dodging        | 1 2 3 4 |  4.2
Short Blades   | 2 3 5 |  5.8
Invocations    | 1 3 4 |  4.3
Long Blades    | 2 3 |  3.5
Ranged Weapons | |  0.2
Stealth        | |  0.3

Action                   |  1- 3 |  4- 6 |  7- 9 || total
-------------------------+-------+-------+-------++-------
Melee: War axe           |    83 |    20 |       ||   103
       Headbutt          |     9 |    17 |    62 ||    88
       Dagger            |       |    88 |   264 ||   352
       Long sword        |       |       |     2 ||     2
 Fire: Sling             |       |       |     3 ||     3
Invok: Heroism           |       |       |     2 ||     2
  Use: Scroll            |       |       |     1 ||     1
       Potion            |       |       |     1 ||     1
Armor: Scale mail        |    44 |    56 |   107 ||   207
       Chain mail        |       |       |     3 ||     3
Dodge: Dodged            |    37 |    59 |   134 ||   230
Block: Buckler           |    26 |    21 |    58 ||   105
